 Dungeon Crawl Stone Soup version 0.30.1-9-gdf580d7c3d (webtiles) character file.

Game seed: 16836966646413589753

70 Nonny the Digger (level 4, 0/24 HPs)
             Began as a Tengu Earth Elementalist on Oct 2, 2023.
             Killed by divine providence
             ... invoked by an orc priest
              (12 damage)
             ... on level 3 of the Dungeon.
             The game lasted 00:08:21 (1382 turns).

Nonny the Digger (Tengu Earth Elementalist)         Turns: 1382, Time: 00:08:22

Health: 0/24       AC:  2    Str:  8    XL:     4   Next: 21%
Magic:  0/8        EV: 12    Int: 18    God:
Gold:   122        SH:  0    Dex: 14    Spells: 3/7 levels left

rFire   . . .        d - +1 spear (flame)
rCold   . . .        (no shield)
rNeg    . . .        a - +0 robe
rPois   .            (helmet restricted)
rElec   .            (no cloak)
rCorr   .            (no gloves)
SInv    .            (boots unavailable)
Will    .....        g - amulet of guardian spirit
Stlth   ++           (no ring)
HPRegen 0.24/turn    (no ring)
MPRegen 0.11/turn

%: guardian spirit
@: attractive
A: beak, talons 3
a: no special abilities


You were on level 3 of the Dungeon.
You visited 1 branch of the dungeon, and saw 3 of its levels.

You collected 122 gold pieces.

Inventory:

Hand Weapons
 d - a +1 spear of flaming (weapon)
Missiles
 e - 12 stones (quivered)
 i - 5 javelins
Armour
 a - a +0 robe (worn)
 c - a +0 buckler
Jewellery
 g - an amulet of guardian spirit (around neck)
Wands
 n - a wand of iceblast (8)
Scrolls
 h - 2 scrolls of fear {unknown}
 k - a scroll of brand weapon {unknown}
 l - a scroll of noise {unknown}
 m - a scroll of identify
Potions
 b - a potion of magic
 j - a potion of curing


   Skills:
 - Level 2.1 Dodging
 - Level 3.0 Stealth
 - Level 2.0 Spellcasting
 - Level 0.7 Transmutations
 + Level 3.3 Earth Magic


You had 3 spell levels left.
You knew the following spells:

 Your Spells              Type           Power      Damage    Failure   Level
a - Sandblast             Erth           26%        2d8       4%          1
b - Stone Arrow           Conj/Erth      14%        3d7       26%         3

Your spell library contained the following spells:

 Spells                   Type           Power      Damage    Failure   Level
 Passwall                 Tmut/Erth      7%         N/A       12%         2
 Petrify                  Tmut/Erth      9%         N/A       61%         4


Dungeon Overview and Level Annotations

Branches:
Dungeon (3/15)

Altars:


Innate Abilities, Weirdness & Mutations

You have a beak for a mouth.
You have claws for feet.


Message History

Press: ? - help, Shift-Dir - straight line, f - orc
Aim: an orc, wielding a +0 whip (asleep, 100% to hit)
The blast of sand hits the orc!
You kill the orc!
You hear a shout!
An orc priest comes into view. It is wielding a +0 war axe.
An orc comes into view. It is wielding a +0 mace.
Training target 3.0 for Stealth reached!
Your Stealth skill increases to level 3!
An orc wizard comes into view. It is wielding a +0 dagger.
The orc priest mumbles some strange prayers to Beogh against you.
Pain shoots through your body!
The orc priest mumbles some strange prayers to Beogh against you.
Pain shoots through your body!
* * * LOW HITPOINT WARNING * * *
Unknown command.
It was a potion of attraction.
You feel attractive to monsters. The orc priest is attracted toward you.
The orc is attracted toward you. The orc wizard is attracted toward you.
Enter note: cyan potion - attraction It was a potion of heal wounds.
You feel much better.
The orc priest mumbles some strange prayers to Beogh against you.
Beogh smites you!
The orc wizard gestures wildly while chanting.
The orc wizard flickers and vanishes!
Deactivating autopickup; reactivate with Ctrl-A.
Enter note: inky potion - heal wounds
As you read the scroll labelled XUPIGR RIFY TAETO, it crumbles to dust.
It is a scroll of identify.
j - a potion of curing The orc priest hits you with a +0 war axe.
Enter note: XUPIGR RIFY TAETO - identify
Enter note: brown potion - curing
As you read the scroll labelled YHURUSU GUAGUREQO, it crumbles to dust.
The scroll dissolves into smoke.
It was a scroll of fog.
The orc priest mumbles some strange prayers to Beogh against you.
Beogh smites you!
Ouch! That really hurt!
You die...

##♣.♣ .# ....##.# #..P..#
##♣.♣..# #PP...# ###...##
#.PP.## ..♣.♣..# ###.....#
#.#.#..#.#### #.......#
....#..# ...# #.§.....#.♣♣♣
.......#+##.####o{...§>)...#
..##...†......§§@o...#
....<#........§§§§...#
...##................#
.....................#
♣♣♣♣♣♣♣..............#
♣............###
.....#..........#
PP♣♣##..........# ♣
#..........#


You could see an orc priest and an orc.

Vanquished Creatures
  3 adders (D:2)
  A worm (D:2)
  An orc (D:3)
  5 bats
  2 endoplasms (D:1)
  2 giant cockroaches
  5 hobgoblins
  2 kobolds
  A quokka (D:2)
  8 ball pythons
  A frilled lizard (D:2)
  A goblin (D:1)
  6 rats
38 creatures vanquished.

Notes
Turn   | Place    | Note
-------+----------+-------------------------------------------
     0 | D:1      | Nonny the Tengu Earth Elementalist began the quest for the
                  | Orb.
     0 | D:1      | Reached XP level 1. HP: 10/10 MP: 4/4
    32 | D:1      | Starting vault: 2x2 metal boxes
    54 | D:1      | spear of flaming to northwest of start.
   212 | D:1      | Reached XP level 2. HP: 15/15 MP: 3/6
   221 | D:1      | guardian spirit amulet
   228 | D:1      | Vault: 5 fountains in square room.
   689 | D:2      | HOIKIE CUZETS - teleportation
   689 | D:2      | JOVEH VUT TAKEI - enchant weapon
   777 | D:2      | Book of Geomancy in southwest(?) corner
   795 | D:2      | Reached XP level 3. HP: 19/19 MP: 4/7
   859 | D:2      | Learned a level 3 spell: Stone Arrow
  1235 | D:2      | Reached XP level 4. HP: 24/24 MP: 6/8
  1380 | D:3      | cyan potion - attraction
  1381 | D:3      | inky potion - heal wounds
  1382 | D:3      | XUPIGR RIFY TAETO - identify
  1382 | D:3      | brown potion - curing
  1382 | D:3      | Killed from afar by an orc priest

Illustrated notes ######### ........# ........# ........########### ..........##..##..## ..........##..##...# ........##..##..##.# ........##..##..##.#### ..........##.@##......# ..........##.<##.[#.#.# +#########..##..###.#.# #..##..##....# #..##..##....#### ###..##..##........ .................># ####............... #........##.##.# Turn 32 on D:1: Starting vault: 2x2 metal boxes ####### #.....########## #..............# #..............# #@.............### #................# ###.#............# ...#..........##. ....##..........##. .r.... #............# #..... #............# ###### ###+#########. #. Turn 54 on D:1: spear of flaming to northwest of start.

........†.....#............##..##
########......#............##.<##
# ######.###+#########..##.. #
#.# .# #..##.. ## #.# .#
#..##..##
.############.###.#######..##..##
.................................
#########'####.......#####.......
### #.......#..@....# #.......
..####.⌠...⌠.#.......# #.......
#....#.......#.†.....# .........
#..#.'...⌠...'.##....$...........
#...##.......#.......##.##.......
#.#..#.⌠...⌠.#.......##. #......#
#.####.......#.......# #.#
####+####.......# #.. .........


Turn 221 on D:1: guardian spirit amulet .......## #.# .# #.
####....############.###.#######. #.............................
#.#.#########'####.......##### #)#.### #.......#.......# #
#.#...####.⌠...⌠.#.......# # #.#.#....#.......#.†.....# ..
#.#.#..#.'...⌠...'.##....$.... #.#.#...##...@...#.......##.##
#.#.#.#..#.⌠...⌠.#.......##. # #...#.####.......#.......# #...#.#
####+####.......# ###...#.. ......... #.....#.. +###....# #.....#. ....# #.....#
###...# Turn 228 on D:1: Vault: 5 fountains in square room. ... ... ..# ..# #
..# #. ..# #..####..##### #...†@<......r #.#####.###### ..# ?## .# .# .# .# Turn
689 on D:2: HOIKIE CUZETS - teleportation #...†.<......r. #.#####.###### #.#
#...# #.# ##.## ###### #.# #.# #..... #.# #.# #.#### #.# #.# #.# #:# #.# #.#
#@#####.#####.# #.............#### ########.......... ########### Turn 777 on
D:2: Book of Geomancy in southwest(?) corner ##♣.♣ .# ....##.# #..P..# ##♣.♣..#
#PP...# ###...## #.PP§## ..♣.♣..# ###.....# #.#.#..#.#### #.......# ....#..#
...# #..o....#.♣♣♣ .......#+##.####....§§>)...# ..##...†........@oo..#
....<#...............# ...##................# .....................#
♣♣♣♣♣♣♣..............# ♣............### .....#..........# PP♣♣##..........# ♣
#..........# Turn 1380 on D:3: cyan potion - attraction ##♣.♣ .# ....##.#
#..P..# ##♣.♣..# #PP...# ###...## #.PP.## ..♣.♣..# ###.....# #.#.#..#.####
#.......# ....#..# ...# #.......#.♣♣♣ .......#+##.####.o..§§>)...#
..##...†........@o{..# ....<#...............# ...##................#
.....................# ♣♣♣♣♣♣♣..............# ♣............### .....#..........#
PP♣♣##..........# ♣ #..........# Turn 1381 on D:3: inky potion - heal wounds
##♣.♣ .# ....##.# #..P..# ##♣.♣..# #PP...# ###...## #.PP.## ..♣.♣..# ###.....#
#.#.#..#.#### #.......# ....#..# ...# #.......#.♣♣♣ .......#+##.####o....§>)...#
..##...†........@o...# ....<#...............# ...##................#
.....................# ♣♣♣♣♣♣♣..............# ♣............### .....#..........#
PP♣♣##..........# ♣ #..........# Turn 1382 on D:3: XUPIGR RIFY TAETO - identify

Levels and vault maps discovered:
D:1:      lightli_iron_boxes, layout_basic, minmay_fountain_box,
          grunt_decor_mini_mirrors
D:2:      layout_loops_ring
D:3:      lemuel_castle_with_subvaults [lemuel_castle_interior_original],
          layout_basic, serial_forest, infiniplex_forest_clump_tiny,
          infiniplex_forest_lined_1, infiniplex_forest_lined_2,
          infiniplex_forest_lined_2, infiniplex_forest_end_1,
          infiniplex_forest_end_2, infiniplex_forest_straight_4,
          infiniplex_forest_straight_5, infiniplex_forest_straight_4,
          minivault_19

Skill      XL: |  1  2  3  4 |
---------------+-------------+-----
Earth Magic    | 3 |  3.3
Stealth        | 3 |  3.0
Dodging        | |  2.1
Spellcasting   | |  2.0
Transmutations | |  0.7

Action                     |  1- 3 |  4- 6 || total
---------------------------+-------+-------++-------
  Melee: Spear             |    54 |     3 ||    57
         Peck              |     7 |       ||     7
         Kick              |     8 |       ||     8
  Throw: Stone             |     4 |       ||     4
   Cast: Sandblast         |    17 |     3 ||    20
    Use: Scroll            |     2 |     2 ||     4
         Potion            |       |     2 ||     2
   Stab: Sleeping          |     3 |       ||     3
 Armour: Robe              |     8 |     2 ||    10
  Dodge: Dodged            |    18 |     3 ||    21
